 Dungeon Crawl Stone Soup version 0.28-a0-1159-g27aa881441 (webtiles) character file.

Game seed: 3858084264645799988

51 spaghetti the Skirmisher (level 3, 4/31 HPs)
             Began as a Mummy Delver on Dec 15, 2021.
             Quit the game on level 5 of the Dungeon.
             The game lasted 00:01:26 (768 turns).

spaghetti the Skirmisher (Mummy Delver)              Turns: 768, Time: 00:01:27

Health: 4/31       AC:  3    Str: 17    XL:     3   Next: 58%
Magic:  3/3        EV: 11    Int:  9    God:
Gold:   145        SH:  0    Dex: 13    Spells: 2/2 levels left

rFire   x . .      SeeInvis .   a - +0 falchion {long}
rCold   + . .      Faith    .   (no shield)
rNeg    + + +      Spirit   .   b - +0 leather armour
rPois   ∞          Reflect  .   (no helmet)
rElec   .          Harm     .   (no cloak)
rCorr   .          Rampage  .   (no gloves)
Will    .....                   (no boots)
Stlth   ++........              (no amulet)
HPRegen 0.10/turn               (no ring)
MPRegen 0.08/turn               (no ring)

@: no status effects
A: cold resistance 1, negative energy resistance 3, torment resistance 2, heat
vulnerability 1, no potions
a: no special abilities


You were on level 5 of the Dungeon.
You visited 1 branch of the dungeon, and saw 3 of its levels.

You collected 145 gold pieces.


Innate Abilities, Weirdness & Mutations

You are immune to poison.
Your flesh is cold resistant. (rC+)
You are immune to negative energy. (rN+++)
You are immune to unholy pain and torment.
You are vulnerable to heat. (rF-)
You do not drink.


   Skills:
 + Level 4.6 Fighting
 - Level 1.5 Long Blades
 - Level 1.5 Dodging
 - Level 4.1 Stealth


You had 2 spell levels left.
You didn't know any spells.
Your spell library contained the following spells:

 Spells                   Type           Power      Damage    Failure   Level
 Static Discharge         Conj/Air       0%         N/A       58%         2
 Dispel Undead            Necr           0%         3d6       99%         4
 Sticky Flame             Conj/Fire      0%         2d3       99%         4

Inventory:

Hand Weapons
 a - a +0 falchion (weapon) {long}
Missiles
 g - 14 arrows
 h - 28 sling bullets
 j - 49 stones (quivered) {throwing}
Armour
 b - a +0 leather armour (worn)
 i - the +1 robe "Huwug" {-Cast rPois rN++ Int-5}
   (You found it on level 5 of the Dungeon)

   Int:       It affects your intelligence (-5).
   rPois:     It protects you from poison.
   rN:        It greatly protects you from negative energy.
   -Cast:     It prevents spellcasting.
 k - a +0 pair of boots
   (You found it on level 5 of the Dungeon)
Wands
 f - a wand of digging (3)
Scrolls
 c - a scroll of fog
 d - a scroll of magic mapping {!r}

Dungeon Overview and Level Annotations

Branches:
Dungeon (5/15)
 Temple: D:4-7

Altars:
Sif Muna

Annotations:
D:5 1 runed translucent door, 2 transporters, dang3rdave's ghost, weakling GrDe o<

..y #y#y
#####..y.
#.....©y.
#.#######
#.#8P.©.P
#@#P../..
#J####+##
#.#o≈...≈
#.#5≈...≈
#.#5≈≈≈≈≈
#.#.≈≈⌠≈≈
#5#.≈PP≈≈.#.
#.#.≈...≈o#..
#h#.≈...≈5#...


You could see a jelly, 5 killer bees, an orc priest, a white imp, 2 shadow imps
and an orc.


Message History

You fall into a shaft and drop 2 floors!
The shaft crumbles and collapses.
Level annotation: 1 runed translucent door, dang3rdave's ghost, weakling GrDe A jelly and a dart slug come into view.
The jelly quivers.
Unknown command.
Unknown command.
Okay, then.
You can't drink.
Unknown command.
Okay, then.
Unknown command.
Throw: 51 stones {throwing}
Press: ? - help, Q - select action Shift-Dir - straight line, f - dart slug
Aim: a dart slug (93% to hit)
You throw a stone {throwing}.
The stone {throwing} hits the dart slug.
Throw: 50 stones {throwing}
Press: ? - help, Q - select action Shift-Dir - straight line, f/p - dart slug
Aim: a dart slug (lightly wounded, 93% to hit)
You throw a stone {throwing}.
The stone {throwing} hits the dart slug.
The dart slug bites you but does no damage.
You slash the dart slug!
The jelly jiggles.
The jelly barely misses you. x2
The dart slug launches a dart at you. The slug dart hits you. 😕 HP[-2]
You take 2 damage, and now have 29/31 hp.
You hit the dart slug but do no damage. The jelly barely misses you.
The dart slug launches a dart at you.
The slug dart hits you but does no damage. 😕 HP[+1]
You hit the dart slug.
You kill the dart slug!
The jelly closely misses you.
You hit the jelly.
Your hands burn!
The jelly barely misses you. 😕 HP[-1]
You take 1 damage, and now have 29/31 hp.
You hit the jelly.
Your hands burn!
The jelly completely misses you. The jelly hits you.
You are splashed with acid!
* * * LOW HITPOINT WARNING * * *
😨 HP[-16]
You take 16 damage, and now have 13/31 hp.
MASSIVE DAMAGE!! (PAUSE) Unknown command.
You hit the jelly but do no damage.
Your hands burn!
* * * LOW HITPOINT WARNING * * *
The jelly hits you but does no damage. 😨 HP[-4]
You take 4 damage, and now have 9/31 hp.
Unknown command.
Okay, then.
You can't drink.
Okay, then.
You hit the jelly.
Your hands burn!
* * * LOW HITPOINT WARNING * * *
The jelly hits you but does no damage. 😱 HP[-5]
You take 5 damage, and now have 4/31 hp.
You hit the jelly.
Your hands burn!
* * * LOW HITPOINT WARNING * * *
The jelly barely misses you. 😱 HP[-2]
You take 2 damage, and now have 2/31 hp.
Unknown command.
You hit the jelly.
Your hands burn!
* * * LOW HITPOINT WARNING * * *
The jelly hits you but does no damage. 😱 HP[-1]
You take 1 damage, and now have 1/31 hp.
Unknown command.
Unknown command.
A howler monkey comes into view.
The jelly barely misses you. 😱 HP[+1]
Okay, then.
Okay, then.
Okay, then.
You can't drink.
The shadow imp shouts, "Go and return not, thou mammering crepe-taped malt-worm!"
You hear a shout!
A white imp comes into view.
The shadow imp shouts, "Disclaim thyself, thou rough-hewn sow-suckled tiler!"
The white imp shouts, "Remove thy stench, thou quaking musty vassal!"
The shadow imp grinds its teeth.
The jelly completely misses you. 😱 HP[+1]
The shadow imp grinds its teeth. 😱 HP[+1] 2 killer bees come into view.
A killer bee and an orc come into view.
Found a stone staircase leading up.
The killer bee buzzes angrily.
You hear an angry buzzing noise.
The orc shouts!
A killer bee comes into view. x2
The shadow imp shouts, "Give up, thou errant spleeny vulture!"
Okay, then.
You can't drink.
Are you sure you want to abandon this character and quit the game? (Confirm with "yes".)

Skill      XL: |  1  2 |
---------------+-------+-----
Fighting       | 4 |  4.6
Long Blades    | |  1.5
Dodging        | |  1.5
Stealth        | |  4.1

Action                   || total
-------------------------++-------
Melee: Falchion          ||    22
Throw: Stone             ||     2
  Use: Scroll            ||     1
 Stab: Sleeping          ||     2
Armor: Leather armour    ||     8
Dodge: Dodged            ||    12

Levels and vault maps discovered:
D:3:      cheibrodos_helix_gallery, layout_rooms,
          mainiacjoe_overflow_small_starburst, kiku_gazebo_garden_becter,
          serial_shops, nicolae_shop_advertising_works
          [nicolae_subvault_shop_adworks]
D:4:      layout_rooms, ebering_ghost_reflecting_pool
D:5:      gammafunk_wand_slinger, layout_basic, lemuel_coloured_pillars_altar,
          mainiacjoe_overflow_six_doors_small, serial_shops,
          nicolae_shop_hallway_plus, hellmonk_ghost_happy_afterlife,
          minmay_gold_behind_fungi

Notes
Turn   | Place    | Note
-------+----------+-------------------------------------------
     0 | D:5      | spaghetti the Mummy Delver began the quest for the Orb.
     0 | D:5      | Reached XP level 1. HP: 18/18 MP: 1/1
     0 | D:5      | magus.rc [v1.9.6]
    31 | D:5      | Found a runed translucent door.
    31 | D:5      | Noticed dang3rdave's ghost (weakling GrDe)
    54 | D:5      | Identified the +1 robe "Huwug" {-Cast rPois rN++ Int-5}
    78 | D:5      | You pick up a book of Touch and begin reading...
    78 | D:5      | You add the spells Static Discharge, Sticky Flame and
                  | Dispel Undead to your library.
   124 | D:5      | Found a shimmering blue altar of Sif Muna.
   133 | D:5      | Reached XP level 2. HP: 16/25 MP: 2/2
   333 | D:5      | Reached skill level 4 in Fighting
   333 | D:5      | Reached XP level 3. HP: 14/31 MP: 3/3
   535 | D:4      | Noticed a killer bee
   536 | D:4      | Noticed a killer bee
   536 | D:4      | Noticed a killer bee
   729 | D:3      | You fall into a shaft and drop 2 floors!
   740 | D:5      | HP: 4/31 [acid (5)]
   742 | D:5      | HP: 1/31 [acid (1)]
   748 | D:5      | Found a transporter.
   763 | D:5      | Found a transporter.
   765 | D:5      | Noticed a killer bee
   765 | D:5      | Noticed a killer bee
   767 | D:5      | Noticed a killer bee
   767 | D:5      | Noticed a killer bee
   767 | D:5      | Noticed a killer bee
   768 | D:5      | Quit the game

Vanquished Creatures
  A jelly (D:5)
  A howler monkey zombie (D:5)
  An adder (D:5)
  A dart slug (D:5)
  A ball python (D:4)
5 creatures vanquished.

Vanquished Creatures (others)
  3 toadstools (D:5)
3 creatures vanquished.

Grand Total: 8 creatures vanquished

Table legend:
 A = Non-vault XP
 B = Vault XP
 C = Vault XP percentage of total XP
 D = Non-vault monster count
 E = Vault monster count
 F = Vault count percentage of total count
                 A         B        C        D         E       F
            +---------+---------+-------+---------+---------+-------
      Total |      74 |       0 |   0.0 |       5 |       0 |   0.0
            +---------+---------+-------+---------+---------+-------
        D:4 |       1 |       0 |   0.0 |       1 |       0 |   0.0
        D:5 |      73 |       0 |   0.0 |       4 |       0 |   0.0
            +---------+---------+-------+---------+---------+-------

Illustrated notes

Table legend:
 A = Kills in this place as a percentage of kills in entire the game.
 B = Kills by you in this place as a percentage of kills by you in the entire game.
 C = Kills by friends in this place as a percentage of kills by friends in the entire game.
 D = Other kills in this place as a percentage of other kills in the entire game.
 E = Experience gained in this place as a percentage of experience gained in the entire game.
 F = Experience gained in this place divided by the number of levels of this place that you have seen.
                   A       B       C       D       E      F
               +-------+-------+-------+-------+-------+----------------------
         Total | 100.0 | 100.0 |   N/A |   N/A | 100.0 |  24.7
       Dungeon | 100.0 | 100.0 |   N/A |   N/A | 100.0 |  24.7
               +-------+-------+-------+-------+-------+----------------------

Table legend: (Time is in decaauts)
 A = Elapsed time spent in this place.
 B = Non-inter-level travel time spent in this place.
 C = Inter-level travel time spent in this place.
 D = Time resting spent in this place.
 E = Time spent auto-exploring this place.
 F = Levels seen in this place.
 G = Mean time per level.
                   A        B        C        D        E       F      G
               +--------+--------+--------+--------+--------+-----+--------+
         Total |    772 |    772 |      0 |    329 |    337 |   3 |  257.3 |
       Dungeon |    772 |    772 |      0 |    329 |    337 |   3 |  257.3 |
               +--------+--------+--------+--------+--------+-----+--------+

Top non-repeatable levels by time:
     D:5: 558 daAuts
     D:3: 167 daAuts
     D:4: 46 daAuts
